 Dungeon Crawl Stone Soup version 0.32-a0-938-g40ac7a0f4d (webtiles) character file.

Game seed: 4896717111136076848

20 Cancer the Digger (level 2, 0/15 HPs)
             Began as a Gargoyle Earth Elementalist on Apr 15, 2024.
             Slain by an adder (1 damage)
             ... on level 2 of the Dungeon.
             The game lasted 00:01:44 (890 turns).

Cancer the Digger (Gargoyle Earth Elementalist)      Turns: 890, Time: 00:01:44

Health: 0/15       AC:  4    Str: 11    XL:     2   Next: 79%
Magic:  0/5        EV: 11    Int: 15    God:
Gold:   113        SH:  0    Dex: 10    Spells: 4/5 levels left

rFire   . . .        c - +0 spear
rCold   . . .        (no shield)
rNeg    + . .        a - +0 robe
rPois   ∞            (no helmet)
rElec   +            (no cloak)
rCorr   .            (no gloves)
SInv    .            (no boots)
Will    .....        (no amulet)
Stlth   ++           (no ring)
HPRegen 0.22/turn    (no ring)
MPRegen 0.09/turn

%: no passive effects
@: no status effects
A: sickness immunity, AC +2, negative energy resistance 1, electricity
resistance, torment resistance 1, petrification resistance
a: no special abilities


You were on level 2 of the Dungeon.
You visited 1 branch of the dungeon, and saw 2 of its levels.

You collected 113 gold pieces.

Inventory:

Hand Weapons
 c - a +0 spear (weapon)
Armour
 a - a +0 robe (worn)
 g - a +0 ring mail
Scrolls
 e - a scroll of teleportation {unknown}
 f - a scroll of noise {unknown}
Potions
 b - a potion of magic
 d - 2 potions of curing {unknown}


   Skills:
 - Level 1.5 Dodging
 - Level 2.1 Stealth
 + Level 2.4 Spellcasting
 + Level 1.9 Conjurations
 + Level 4.0 Earth Magic


You had 4 spell levels left.
You knew the following spells:

 Your Spells              Type           Power      Damage    Failure   Level
a - Sandblast             Erth           26%        2d8       4%          1

Your spell library contained the following spells:

 Spells                   Type           Power      Damage    Failure   Level
 Passwall                 Erth           13%        N/A       12%         3
 Stone Arrow              Conj/Erth      20%        3d8       19%         3
 Brom's Barrelling Bould  Conj/Erth      10%        2d3       52%         4
 Petrify                  Alch/Erth      7%         N/A       67%         4


Dungeon Overview and Level Annotations

Branches:
Dungeon (2/15)

Altars:


Innate Abilities, Weirdness & Mutations

You are immune to sickness and miasma.
Your stone body is resilient. (AC +2)
You are immune to poison.
You resist negative energy. (rN+)
You are resistant to electric shocks. (rElec)
You are resistant to unholy torment.
You are immune to petrification.


Message History

You are out of magic!
An adder is nearby!
You hit the adder but do no damage.
The adder is almost dead.
The adder completely misses you. The adder bites you.
You miss the adder.
The adder is almost dead.
The adder bites you.
You are too injured to fight recklessly!
You are too injured to fight recklessly!
You are too injured to fight recklessly!
You closely miss the adder.
The adder is almost dead.
The adder bites you.
* * * LOW HITPOINT WARNING * * *
You miss the adder.
The adder is almost dead.
The adder bites you but does no damage. The adder misses you.
You closely miss the adder.
The adder is severely wounded.
The adder misses you.
You closely miss the adder.
The adder is severely wounded.
The adder bites you.
* * * LOW HITPOINT WARNING * * *
The adder bites you.
* * * LOW HITPOINT WARNING * * *
Casting: Sandblast (safe; 4% risk of failure)
Confirm with . or Enter, or press ? or * to list all spells.
Aiming: Sandblast (safe; 4% risk of failure)
Press: ? - help, Shift-Dir - straight line, f/p - adder
Aim: an adder (severely wounded, 70% to hit)
The blast of sand misses the adder.
The adder bites you.
* * * LOW HITPOINT WARNING * * *
The adder barely misses you.
Unknown command.
You hit the adder.
The adder is almost dead.
The adder bites you.
You die...

...............
#######........
#........
#........
#######........
...............
...............
...............
###...#@S......
#...#†.......
#...#.......#
#...#.......#
#.. #........
#. #.......#
.#####.## . ..


You could see an adder.

Vanquished Creatures
  A dart slug (D:1)
  A bat (D:1)
  An endoplasm (D:2)
  A goblin (D:1)
  A hobgoblin (D:2)
  3 jackals (D:1)
  A quokka (D:1)
  A ball python (D:1)
  5 kobolds
  A rat (D:1)
16 creatures vanquished.

Notes
Turn   | Place    | Note
-------+----------+-------------------------------------------
     0 | D:1      | Cancer the Gargoyle Earth Elementalist began the quest for
                  | the Orb.
     0 | D:1      | Reached XP level 1. HP: 10/10 MP: 3/3
   119 | D:1      | Reached XP level 2. HP: 10/15 MP: 0/5
   273 | D:1      | Found a faded altar of an unknown god.
   820 | D:2      | Reached skill level 4 in Earth Magic
   890 | D:2      | Slain by an adder

Illustrated notes

Levels and vault maps discovered:
D:1:      dpeg_arrival_short_road, layout_basic,
          chequers_ecumenical_altar_island
D:2:      layout_basic

Skill      XL: |  1  2 |
---------------+-------+-----
Earth Magic    | 4 |  4.0
Dodging        | |  1.5
Stealth        | |  2.1
Spellcasting   | |  2.4
Conjurations   | |  1.9

Action                     || total
---------------------------++-------
  Melee: Unarmed           ||    23
         Spear             ||    20
         Punch             ||     1
   Cast: Sandblast         ||    23
   Stab: Sleeping          ||     2
 Armour: Robe              ||    45
  Dodge: Dodged            ||    53

Table legend: (Time is in decaauts)
 A = Elapsed time spent in this place.
 B = Non-inter-level travel time spent in this place.
 C = Inter-level travel time spent in this place.
 D = Time resting spent in this place.
 E = Time spent auto-exploring this place.
 F = Levels seen in this place.
 G = Mean time per level.
                   A        B        C        D        E       F      G
               +--------+--------+--------+--------+--------+-----+--------+
         Total |    904 |    865 |     39 |      0 |    694 |   2 |  452.0 |
       Dungeon |    904 |    865 |     39 |      0 |    694 |   2 |  452.0 |
               +--------+--------+--------+--------+--------+-----+--------+

Top non-repeatable levels by time:
     D:1: 823 daAuts
     D:2: 81 daAuts
